[Event "12th Arad Open 2019"]
[Site "Arad"]
[Date "2019.07.31"]
[Round "9.12"]
[White "Dicu, Razvan-Stefan"]
[Black "Petrisor, Adrian-Marian"]
[Result "1/2-1/2"]
[ECO "C67"]
[WhiteElo "2286"]
[BlackElo "2422"]
[Annotator "NA"]
[PlyCount "40"]
[EventDate "2019.07.24"]
[EventType "swiss"]
[EventCountry "ROU"]
[SourceTitle "playchess.com"]
[Source "ChessBase"]
[SourceQuality "1"]
[TimeControl "40/5400+30:900+30"]

1. e4 e5 2. Nf3 Nc6 3. Bb5 Nf6 4. O-O Nxe4 5. d4 Nd6 6. Bxc6 dxc6 7. dxe5 Nf5 8. Qxd8+ Kxd8 9. Nc3 Ke8 10. Rd1 Be7 11. Ne2 Nh4 12. Nxh4 Bxh4 13. Be3 Be7 14. Rd2 Be6 15. Nd4 Bd7 16. Rad1 Rd8 17. c4 a6 18. Nb3 Bc8 19. Rxd8+ Bxd8 20. Na5 Be7 1/2-1/2

[Event "12th Arad Open 2019"]
[Site "Arad"]
[Date "2019.07.31"]
[Round "9.13"]
[White "Zawadzka, Jolanta"]
[Black "Kelly, Ladislau-Endre"]
[Result "1-0"]
[ECO "B01"]
[WhiteElo "2422"]
[BlackElo "2182"]
[Annotator "NA"]
[PlyCount "69"]
[EventDate "2019.07.24"]
[EventType "swiss"]
[EventCountry "ROU"]
[SourceTitle "playchess.com"]
[Source "ChessBase"]
[SourceQuality "1"]
[TimeControl "40/5400+30:900+30"]

1. e4 d5 2. exd5 Nf6 3. Nf3 Bg4 4. Bb5+ Nbd7 5. h3 Bh5 6. c4 a6 7. Ba4 b5 8. cxb5 Nxd5 9. d4 e6 10. Nc3 Bb4 11. Bd2 O-O 12. O-O N7b6 13. Nxd5 Nxd5 14. Bxb4 Nxb4 15. Qb3 Nd5 16. Qd3 Nf4 17. Qe4 Qf6 18. Ne5 Rad8 19. Kh2 axb5 20. Bxb5 Qh6 21. a4 f6 22. Nc6 Rd6 23. Rfc1 Kh8 24. a5 e5 25. a6 f5 26. Qxe5 Rg6 27. Bf1 Be2 28. Qe7 Kg8 29. Qe3 Bxf1 30. Ne7+ Kh8 31. Nxg6+ Qxg6 32. Qg3 Bxg2 33. Qxf4 Bxh3 34. Kxh3 Rf6 35. Rc3 1-0

[Event "12th Arad Open 2019"]
[Site "Arad"]
[Date "2019.07.31"]
[Round "9.14"]
[White "Martinovici, Ilie"]
[Black "Lyell, Mark"]
[Result "1-0"]
[ECO "D23"]
[WhiteElo "2407"]
[BlackElo "2216"]
[Annotator "NA"]
[PlyCount "91"]
[EventDate "2019.07.24"]
[EventType "swiss"]
[EventCountry "ROU"]
[SourceTitle "playchess.com"]
[Source "ChessBase"]
[SourceQuality "1"]
[TimeControl "40/5400+30:900+30"]

1. d4 d5 2. c4 dxc4 3. Nf3 Nf6 4. Qa4+ Nc6 5. Nc3 Nd5 6. Qxc4 Ndb4 7. Qb3 e5 8. d5 Nd4 9. Nxd4 exd4 10. Nb5 c6 11. Nxd4 Qxd5 12. Qxd5 Nxd5 13. e4 Bb4+ 14. Bd2 Bxd2+ 15. Kxd2 Nf4 16. Ke3 Ne6 17. Nf5 g6 18. Nd6+ Ke7 19. Rd1 Rd8 20. e5 Ng7 21. Bd3 Ne8 22. Nxc8+ Raxc8 23. Bc4 Nc7 24. f4 b5 25. Bb3 c5 26. Rxd8 Rxd8 27. Rd1 Rxd1 28. Bxd1 Ke6 29. Ke4 f5+ 30. exf6 Kxf6 31. Be2 a5 32. g4 Ke6 33. g5 Kd6 34. f5 a4 35. a3 b4 36. f6 Ne6 37. h4 bxa3 38. bxa3 Nd4 39. Bd1 Nb5 40. Kd3 Nxa3 41. Bxa4 Ke6 42. Bb3+ Kd6 43. Bc4 Kd7 44. Ba6 Ke6 45. Kc3 h6 46. Kb2 1-0

[Event "12th Arad Open 2019"]
[Site "Arad"]
[Date "2019.07.31"]
[Round "9.15"]
[White "Vasiesiu, Victor"]
[Black "Ahlander, Bjorn"]
[Result "0-1"]
[ECO "B24"]
[WhiteElo "2269"]
[BlackElo "2391"]
[Annotator "NA"]
[PlyCount "90"]
[EventDate "2019.07.24"]
[EventType "swiss"]
[EventCountry "ROU"]
[SourceTitle "playchess.com"]
[Source "ChessBase"]
[SourceQuality "1"]
[TimeControl "40/5400+30:900+30"]

1. e4 c5 2. Nc3 Nc6 3. Bb5 Nd4 4. Bc4 e6 5. Nge2 a6 6. d3 b5 7. Bb3 Nxb3 8. axb3 b4 9. Na4 Bb7 10. O-O Nf6 11. f4 d5 12. e5 Ng4 13. d4 Rc8 14. Nxc5 Rxc5 15. dxc5 Bxc5+ 16. Nd4 Qh4 17. h3 h5 18. c3 bxc3 19. bxc3 Qg3 20. hxg4 Qxc3 21. Ra4 hxg4 22. Re1 Qg3 23. Be3 Bc6 24. Qd2 Bxa4 25. bxa4 Rh2 26. Rd1 Qh4 27. Kf1 g3 28. Nf3 Bxe3 29. Qxe3 Rh1+ 30. Ng1 g5 31. Rb1 Kf8 32. Rb4 Qh5 33. Rd4 Qh7 34. Qd3 Qh2 35. Qe3 Qh7 36. Qd3 Rxg1+ 37. Kxg1 Qh2+ 38. Kf1 Qh1+ 39. Ke2 Qxg2+ 40. Kd1 Qh1+ 41. Kc2 g2 42. Qa3+ Kg7 43. Qe7 g1=Q 44. Qf6+ Kg8 45. Qd8+ Kh7 0-1

[Event "12th Arad Open 2019"]
[Site "Arad"]
[Date "2019.07.31"]
[Round "9.16"]
[White "Peptan, Corina-Isabela"]
[Black "Anuta, Elefterie-Laurentiu"]
[Result "1-0"]
[ECO "A53"]
[WhiteElo "2375"]
[BlackElo "1813"]
[Annotator "NA RC"]
[PlyCount "83"]
[EventDate "2019.07.24"]
[EventType "swiss"]
[EventCountry "ROU"]
[SourceTitle "playchess.com"]
[Source "ChessBase"]
[SourceQuality "1"]
[TimeControl "40/5400+30:900+30"]

1. d4 d6 2. c4 Nf6 3. Nc3 c6 4. g3 Bf5 5. Bg2 Qa5 6. Qd2 e5 7. d5 cxd5 8. cxd5 Be7 9. e4 Bg6 10. Nge2 Nbd7 11. Rb1 a6 12. O-O O-O 13. h3 b5 14. b4 Qc7 15. f4 exf4 16. gxf4 Rac8 17. Rb3 Qb6+ 18. Kh2 Rc4 19. Qd3 Rfc8 20. Be3 Qc7 21. Bd4 h5 22. Qe3 h4 23. Kh1 Bh5 24. e5 Ne8 25. e6 Ndf6 26. f5 Bxe2 27. Nxe2 Nh5 28. Bf3 Ng3+ 29. Nxg3 hxg3 30. Bh5 f6 31. Bb2 Rc2 32. Qxg3 Qc4 33. Qf3 Nc7 34. Rd1 Qh4 35. Rg1 g5 36. fxg6 Kg7 37. Bg4 Qg5 38. Bf5 Rxb2 39. Rxb2 Qh4 40. Rc2 Qxb4 41. Qh5 Rh8 42. Qxh8+ 1-0

[Event "12th Arad Open 2019"]
[Site "Arad"]
[Date "2019.07.31"]
[Round "9.17"]
[White "Starcevic, Ante Leon"]
[Black "Marjanovic, Annamaria"]
[Result "0-1"]
[ECO "A40"]
[WhiteElo "2217"]
[BlackElo "2343"]
[Annotator "NA"]
[PlyCount "116"]
[EventDate "2019.07.24"]
[EventType "swiss"]
[EventCountry "ROU"]
[SourceTitle "playchess.com"]
[Source "ChessBase"]
[SourceQuality "1"]
[TimeControl "40/5400+30:900+30"]

1. d4 Nf6 2. c4 e6 3. g3 Bb4+ 4. Bd2 a5 5. Bg2 d6 6. e4 e5 7. Ne2 exd4 8. Bxb4 axb4 9. Nxd4 O-O 10. O-O c5 11. Nb5 Ra6 12. a3 Qe7 13. Nd2 bxa3 14. Rxa3 Rxa3 15. Nxa3 Bd7 16. Re1 Nc6 17. Nb5 Ne5 18. f4 Nd3 19. Re3 Nb4 20. Nf1 Bxb5 21. cxb5 Qc7 22. e5 dxe5 23. fxe5 Nd7 24. Qd6 Qxd6 25. exd6 b6 26. Re7 Rd8 27. Ne3 Kf8 28. Nc4 f6 29. Bc6 Ne5 30. Nxe5 fxe5 31. Rb7 Rxd6 32. Rxb6 Rd1+ 33. Kf2 Rd2+ 34. Ke3 Rxb2 35. Be4 c4 36. Rb8+ Ke7 37. b6 Rb3+ 38. Ke2 Rb2+ 39. Ke3 Rb3+ 40. Ke2 Na6 41. Rg8 Rxb6 42. Rxg7+ Kd6 43. Rxh7 Kc5 44. Rd7 Nb4 45. h4 Ra6 46. h5 Ra2+ 47. Kf3 Rh2 48. g4 c3 49. Kg3 Re2 50. h6 Rxe4 51. h7 Re3+ 52. Kh4 Re1 53. Kg3 Rh1 54. Kg2 Rh4 55. Kg3 Rh1 56. Kg2 c2 57. Kxh1 c1=Q+ 58. Kg2 Qh6 0-1

[Event "12th Arad Open 2019"]
[Site "Arad"]
[Date "2019.07.31"]
[Round "9.18"]
[White "Balla, Tamas-Kristof"]
[Black "Radulescu, Andrei"]
[Result "1-0"]
[ECO "B01"]
[WhiteElo "2336"]
[BlackElo "1844"]
[Annotator "NA"]
[PlyCount "90"]
[EventDate "2019.07.24"]
[EventType "swiss"]
[EventCountry "ROU"]
[SourceTitle "playchess.com"]
[Source "ChessBase"]
[SourceQuality "1"]
[TimeControl "40/5400+30:900+30"]

1. e4 d5 2. exd5 Nf6 3. d4 Nxd5 4. c4 Nf6 5. Nc3 e6 6. Be3 Be7 7. g3 c6 8. Bg2 Qa5 9. Qb3 Qb4 10. Nf3 Ne4 11. Ne5 Nxc3 12. bxc3 Qxb3 13. axb3 O-O 14. b4 f6 15. Nd3 Nd7 16. c5 e5 17. d5 cxd5 18. Bxd5+ Kh8 19. c6 bxc6 20. Bxc6 Rb8 21. Rxa7 Rd8 22. Ke2 Bf8 23. Rd1 Nb6 24. f3 Nd5 25. Bxd5 Rxd5 26. Bc5 Bf5 27. Bxf8 Rxf8 28. Nc5 Rxd1 29. Kxd1 h5 30. b5 Rc8 31. b6 Rxc5 32. b7 Rb5 33. Ra8+ Kh7 34. b8=Q Rxb8 35. Rxb8 e4 36. fxe4 Bxe4 37. c4 g5 38. c5 Kg7 39. Re8 Bf3+ 40. Kd2 Kf7 41. Re3 Bc6 42. Kc3 f5 43. Kd4 f4 44. gxf4 gxf4 45. Re5 f3 {[%emt 0:00:45] Ke4} 1-0

[Event "12th Arad Open 2019"]
[Site "Arad"]
[Date "2019.07.31"]
[Round "9.19"]
[White "Visanescu, Daria-Ioana"]
[Black "Ardeleanu, Alin"]
[Result "1-0"]
[ECO "B06"]
[WhiteElo "2079"]
[BlackElo "2323"]
[Annotator "NA"]
[PlyCount "89"]
[EventDate "2019.07.24"]
[EventType "swiss"]
[EventCountry "ROU"]
[SourceTitle "playchess.com"]
[Source "ChessBase"]
[SourceQuality "1"]
[TimeControl "40/5400+30:900+30"]

1. e4 g6 2. d4 Bg7 3. Nc3 d6 4. Nf3 c6 5. h3 Nd7 6. Be3 b5 7. Bd3 a6 8. Ne2 Nb6 9. b3 Qc7 10. c4 bxc4 11. bxc4 Nd7 12. c5 dxc5 13. O-O cxd4 14. Nexd4 Ngf6 15. Rc1 Bb7 16. Qa4 Rc8 17. e5 Nxe5 18. Nxe5 Qxe5 19. Rb1 Qc7 20. Qb3 Ba8 21. Bxa6 O-O 22. Bxc8 Rxc8 23. f3 Nd5 24. Bf2 Qf4 25. Ne2 Qd2 26. Ng3 Nc3 27. Ne4 Ne2+ 28. Kh1 Qf4 29. Qd3 f5 30. Qxe2 fxe4 31. fxe4 Be5 32. Bg1 Qg5 33. Qc4+ Kh8 34. Qe6 Rg8 35. Bh2 Bf6 36. Bf4 Qh5 37. Rb8 Rxb8 38. Bxb8 c5 39. e5 Bxg2+ 40. Kxg2 Qe2+ 41. Rf2 Qe4+ 42. Kh2 Qd4 43. Qc8+ Kg7 44. exf6+ exf6 45. Qc7+ 1-0

[Event "12th Arad Open 2019"]
[Site "Arad"]
[Date "2019.07.31"]
[Round "9.20"]
[White "Mitran, Anthony Cristian"]
[Black "Patrascu, Catalin-Lucian"]
[Result "0-1"]
[ECO "A04"]
[WhiteElo "2089"]
[BlackElo "2292"]
[Annotator "NA"]
[PlyCount "76"]
[EventDate "2019.07.24"]
[EventType "swiss"]
[EventCountry "ROU"]
[SourceTitle "playchess.com"]
[Source "ChessBase"]
[SourceQuality "1"]
[TimeControl "40/5400+30:900+30"]

1. Nf3 c5 2. c4 Nc6 3. Nc3 g6 4. e3 Nf6 5. d4 cxd4 6. exd4 d5 7. cxd5 Nxd5 8. Bc4 Nxc3 9. bxc3 Bg7 10. O-O O-O 11. a4 Bf5 12. Ba3 Rc8 13. Qe2 Qc7 14. Ba2 Rfe8 15. Ng5 e6 16. f3 Ne7 17. Rac1 Nd5 18. Bxd5 exd5 19. Qb5 Qf4 20. Rfe1 Re3 21. Nxf7 Kxf7 22. Qxd5+ Be6 23. Qxb7+ Rc7 24. Qb4 Rxe1+ 25. Rxe1 Qf5 26. h3 Qd5 27. Re5 Qc4 28. Qd6 Rd7 29. Qb8 Qc7 30. Qb4 Qc4 31. Qb8 Qc7 32. Qb4 Qc4 33. Qb8 Qxc3 34. Rxe6 Bxd4+ 35. Kh2 Kxe6 36. Qe8+ Kf6 37. Qxd7 Be5+ 38. Kg1 Qe1# 0-1

[Event "12th Arad Open 2019"]
[Site "Arad"]
[Date "2019.07.31"]
[Round "9.21"]
[White "Nester, Ihor"]
[Black "Har-Even, Abir"]
[Result "1-0"]
[ECO "A04"]
[WhiteElo "2361"]
[BlackElo "2083"]
[Annotator "NA"]
[PlyCount "51"]
[EventDate "2019.07.24"]
[EventType "swiss"]
[EventCountry "ROU"]
[SourceTitle "playchess.com"]
[Source "ChessBase"]
[SourceQuality "1"]
[TimeControl "40/5400+30:900+30"]

1. Nf3 f5 2. d3 Nc6 3. d4 Nf6 4. c4 g6 5. d5 Nb4 6. Nc3 Bg7 7. g3 O-O 8. Bg2 c5 9. a3 Na6 10. d6 e6 11. Nb5 Ne8 12. Rb1 Nb8 13. Bf4 Nc6 14. O-O h6 15. e4 fxe4 16. Nd2 e5 17. Be3 Nd4 18. Nxe4 a6 19. Nbc3 Rb8 20. Nd5 b6 21. Ne7+ Kh7 22. Qg4 g5 23. Bxg5 Bb7 24. Bxh6 Bxe4 25. Bxe4+ Kh8 26. Bxg7+ {[%emt 0:00:17] Nc6} 1-0

[Event "12th Arad Open 2019"]
[Site "Arad"]
[Date "2019.07.31"]
[Round "9.22"]
[White "Aciu, Malina-Andreea"]
[Black "Dobre, Claudiu-Cristian"]
[Result "0-1"]
[ECO "B18"]
[WhiteElo "2047"]
[BlackElo "2340"]
[Annotator "NA"]
[PlyCount "98"]
[EventDate "2019.07.24"]
[EventType "swiss"]
[EventCountry "ROU"]
[SourceTitle "playchess.com"]
[Source "ChessBase"]
[SourceQuality "1"]
[TimeControl "40/5400+30:900+30"]

1. e4 c6 2. d4 d5 3. Nd2 dxe4 4. Nxe4 Bf5 5. Ng3 Bg6 6. Nh3 e6 7. Nf4 Qh4 8. c3 Nd7 9. Bd3 Ngf6 10. Qf3 Bd6 11. Nxg6 hxg6 12. Ne4 Nxe4 13. Bxe4 Nf6 14. Bc2 Qg4 15. Qxg4 Nxg4 16. h3 Nf6 17. O-O Nd5 18. Re1 O-O-O 19. c4 Nc7 20. Be3 Be7 21. Rad1 Rd7 22. Re2 a6 23. b3 Bf6 24. Red2 Rhd8 25. Be4 Be7 26. g3 Bb4 27. Rd3 f5 28. Bg2 e5 29. Bg5 Be7 30. Bxe7 Rxe7 31. dxe5 Rxd3 32. Rxd3 Rxe5 33. Kf1 a5 34. Rd6 Re6 35. Rd4 Re7 36. h4 Ne6 37. Rd2 Kc7 38. a3 Rd7 39. Rxd7+ Kxd7 40. Bf3 Kd6 41. Ke1 Kc5 42. Kd2 Kd4 43. Be2 Nc5 44. b4 Ne4+ 45. Ke1 Nc3 46. Bf1 a4 47. Kd2 Nb1+ 48. Kc1 Nxa3 49. c5 Kc3 0-1

[Event "12th Arad Open 2019"]
[Site "Arad"]
[Date "2019.07.31"]
[Round "9.23"]
[White "Tomici, Stefan"]
[Black "Peycheva, Gergana"]
[Result "1/2-1/2"]
[ECO "B20"]
[WhiteElo "2329"]
[BlackElo "2065"]
[Annotator "NA"]
[PlyCount "65"]
[EventDate "2019.07.24"]
[EventType "swiss"]
[EventCountry "ROU"]
[SourceTitle "playchess.com"]
[Source "ChessBase"]
[SourceQuality "1"]
[TimeControl "40/5400+30:900+30"]

1. e4 c5 2. Be2 Nc6 3. f4 g6 4. Nf3 Bg7 5. O-O d6 6. d3 e6 7. c3 Nge7 8. Be3 O-O 9. Na3 b6 10. d4 Bb7 11. Qd2 cxd4 12. cxd4 d5 13. e5 a6 14. Rfc1 Qd7 15. Nb1 Rfc8 16. Nc3 Na5 17. b3 Bf8 18. Na4 Qd8 19. Bf2 Bc6 20. Nb2 Nf5 21. g4 Ng7 22. Bh4 Qd7 23. Rc2 Bb5 24. Rac1 Rxc2 25. Rxc2 Rc8 26. Bxb5 axb5 27. Rxc8 Qxc8 28. Nd3 Ne8 29. Kg2 Qc6 30. Nb4 Qc7 31. Nd3 Qc6 32. Nb4 Qc7 33. Nd3 1/2-1/2

[Event "12th Arad Open 2019"]
[Site "Arad"]
[Date "2019.07.31"]
[Round "9.24"]
[White "Gorodetzky, Matan"]
[Black "Nedelcu, Teodor-Cosmin"]
[Result "0-1"]
[ECO "D05"]
[WhiteElo "2290"]
[BlackElo "1963"]
[Annotator "NA"]
[PlyCount "68"]
[EventDate "2019.07.24"]
[EventType "swiss"]
[EventCountry "ROU"]
[SourceTitle "playchess.com"]
[Source "ChessBase"]
[SourceQuality "1"]
[TimeControl "40/5400+30:900+30"]

1. d4 d5 2. Nf3 Nf6 3. e3 e6 4. c4 Be7 5. b3 O-O 6. Bd3 b6 7. O-O Bb7 8. Bb2 Nbd7 9. Qe2 a6 10. Nbd2 c5 11. Rfd1 Qb8 12. h3 Qa7 13. Ne5 Rad8 14. f4 Ba8 15. g4 dxc4 16. bxc4 Nxe5 17. fxe5 Nd7 18. Ne4 Qb7 19. Kh2 f6 20. d5 Nxe5 21. Bxe5 fxe5 22. Nc3 e4 23. Bxe4 Qc7+ 24. Kh1 Bf6 25. Rac1 Qg3 26. Qg2 Qxe3 27. Re1 Qh6 28. dxe6 Rd2 29. Bxa8 Rxg2 30. Bxg2 Re8 31. Rc2 Bd4 32. e7 Qh4 33. Bd5+ Kh8 34. Ree2 Qxh3+ {[%emt 0:00:06] Nb1} 0-1

[Event "12th Arad Open 2019"]
[Site "Arad"]
[Date "2019.07.31"]
[Round "9.25"]
[White "Coca, Cristi-Iulian"]
[Black "Gilea, Lucian"]
[Result "1-0"]
[ECO "C53"]
[WhiteElo "2043"]
[BlackElo "2287"]
[Annotator "NA"]
[PlyCount "77"]
[EventDate "2019.07.24"]
[EventType "swiss"]
[EventCountry "ROU"]
[SourceTitle "playchess.com"]
[Source "ChessBase"]
[SourceQuality "1"]
[TimeControl "40/5400+30:900+30"]

1. e4 e5 2. Nf3 Nc6 3. Bc4 Bc5 4. c3 Qe7 5. O-O d6 6. a4 a6 7. d4 Bb6 8. h3 Nf6 9. d5 Nb8 10. a5 Ba7 11. Re1 Nbd7 12. b4 Nf8 13. Bf1 Ng6 14. Qc2 Nh5 15. Kh2 O-O 16. Be3 Bxe3 17. Rxe3 f5 18. exf5 Bxf5 19. Bd3 Bxd3 20. Qxd3 Ngf4 21. Qd1 Qd7 22. Ng5 Rf5 23. Ne4 Rff8 24. c4 Nf6 25. Nbc3 h6 26. Ra2 Rf7 27. Rb2 Raf8 28. b5 axb5 29. Rxb5 Nxe4 30. Nxe4 Ra8 31. Qe1 c6 32. Rb6 Qc7 33. Qb4 Rd7 34. dxc6 bxc6 35. a6 Ra7 36. Rb3 d5 37. Rb7 c5 38. Nxc5 Qd6 39. Nxd7 1-0

[Event "12th Arad Open 2019"]
[Site "Arad"]
[Date "2019.07.31"]
[Round "9.26"]
[White "Balan, Bogdan"]
[Black "Nastase, Robert-Paul"]
[Result "0-1"]
[ECO "B90"]
[WhiteElo "2036"]
[BlackElo "2283"]
[Annotator "NA"]
[PlyCount "94"]
[EventDate "2019.07.24"]
[EventType "swiss"]
[EventCountry "ROU"]
[SourceTitle "playchess.com"]
[Source "ChessBase"]
[SourceQuality "1"]
[TimeControl "40/5400+30:900+30"]

1. e4 c5 2. Nf3 d6 3. d4 cxd4 4. Nxd4 Nf6 5. Nc3 a6 6. Be3 e6 7. g4 h5 8. gxh5 Rxh5 9. Be2 Rh8 10. f4 Nbd7 11. Qd2 Qc7 12. a4 b6 13. Bf3 Bb7 14. O-O-O Rc8 15. Qg2 Qb8 16. Rhe1 Rxc3 17. bxc3 e5 18. Nb3 Qc7 19. Kb2 Bc6 20. Ra1 Qb7 21. Bd2 Kd8 22. c4 Kc8 23. f5 a5 24. Qe2 Ne8 25. c3 f6 26. Kc2 Nc5 27. Nxc5 dxc5 28. Kb3 Nd6 29. Qg2 Be8 30. Re3 Bf7 31. Be2 Kd8 32. Rf1 Qa6 33. Ra1 Ke8 34. Bd3 Nxc4 35. Bxc4 Qxc4+ 36. Kc2 Qb3+ 37. Kc1 c4 38. Rg3 Rh7 39. h3 Bh5 40. Qg1 Be2 41. Be1 Bd3 42. Rg2 Ba3+ 43. Rxa3 Qb1+ 44. Kd2 Qc2+ 45. Ke3 Rxh3+ 46. Bg3 Rxg3+ 47. Rxg3 Qe2# {[%emt 0:00:01] Kd4} 0-1

[Event "12th Arad Open 2019"]
[Site "Arad"]
[Date "2019.07.31"]
[Round "9.27"]
[White "Zaim, Marian"]
[Black "Pasti, Aron"]
[Result "0-1"]
[ECO "A06"]
[WhiteElo "2021"]
[BlackElo "2209"]
[Annotator "NA"]
[PlyCount "52"]
[EventDate "2019.07.24"]
[EventType "swiss"]
[EventCountry "ROU"]
[SourceTitle "playchess.com"]
[Source "ChessBase"]
[SourceQuality "1"]
[TimeControl "40/5400+30:900+30"]

1. Nf3 d5 2. g3 Nf6 3. Bg2 g6 4. O-O Bg7 5. c4 c6 6. Qc2 dxc4 7. Qxc4 b5 8. Qc2 Bb7 9. d4 O-O 10. Nbd2 Nbd7 11. Nb3 Rc8 12. Bd2 Qc7 13. Ba5 Qb8 14. Bb4 Rfe8 15. Bh3 e6 16. Nc5 Nxc5 17. Bxc5 Nd7 18. Ba3 c5 19. Bxc5 Bxf3 20. exf3 Bxd4 21. b4 Bxa1 22. Rxa1 Nxc5 23. bxc5 Rc6 24. Rc1 Qc7 25. Bf1 Rc8 26. Bxb5 Rxc5 0-1

[Event "12th Arad Open 2019"]
[Site "Arad"]
[Date "2019.07.31"]
[Round "9.28"]
[White "Martian, Dragos-Daniel"]
[Black "Tinica, Gabriel"]
[Result "1-0"]
[ECO "B22"]
[WhiteElo "2201"]
[BlackElo "1712"]
[Annotator "NA"]
[PlyCount "125"]
[EventDate "2019.07.24"]
[EventType "swiss"]
[EventCountry "ROU"]
[SourceTitle "playchess.com"]
[Source "ChessBase"]
[SourceQuality "1"]
[TimeControl "40/5400+30:900+30"]

1. e4 c5 2. c3 d5 3. exd5 Qxd5 4. d4 Nc6 5. Nf3 Bg4 6. Be2 Nf6 7. c4 Qd6 8. d5 Bxf3 9. Bxf3 Nd4 10. Nc3 e5 11. dxe6 Qxe6+ 12. Be3 Bd6 13. Qa4+ b5 14. Nxb5 Nxf3+ 15. gxf3 O-O 16. O-O-O Be5 17. Rhe1 a6 18. Na3 Rfb8 19. Rd2 Qb6 20. Ree2 Nh5 21. Kb1 Qg6+ 22. Ka1 Qf6 23. Qd7 Rd8 24. Qb7 Rab8 25. Rxd8+ Qxd8 26. Rd2 Qf6 27. Qa7 Bxb2+ 28. Kb1 Qe5 29. Nb5 Ba1 30. Qxa6 Bc3 31. Rd5 Qxh2 32. Qb6 Bf6 33. Qd6 Qg1+ 34. Rd1 Qg6+ 35. Qd3 Qg2 36. Qf5 g6 37. Qe4 Qh3 38. Qg4 Qxg4 39. fxg4 Ng7 40. Rd6 Ne6 41. Kc2 Kf8 42. Rd5 Be7 43. a4 Nd4+ 44. Nxd4 cxd4 45. Bh6+ Ke8 46. a5 Rb4 47. Kd3 Ra4 48. Bd2 Ra3+ 49. Kxd4 Ra2 50. Kd3 Ra3+ 51. Kc2 Ra2+ 52. Kb3 Ra3+ 53. Kb2 Ra4 54. c5 Bf6+ 55. Kb3 Rxg4 56. c6 Bd8 57. a6 Rg1 58. Rxd8+ Kxd8 59. Ba5+ Kc8 60. a7 Rb1+ 61. Kc4 Rc1+ 62. Kd3 h6 63. Ke4 1-0

[Event "12th Arad Open 2019"]
[Site "Arad"]
[Date "2019.07.31"]
[Round "9.29"]
[White "Albu, George"]
[Black "Daianu, Cristian-Clement"]
[Result "1/2-1/2"]
[ECO "D85"]
[WhiteElo "2014"]
[BlackElo "2199"]
[Annotator "NA"]
[PlyCount "167"]
[EventDate "2019.07.24"]
[EventType "swiss"]
[EventCountry "ROU"]
[SourceTitle "playchess.com"]
[Source "ChessBase"]
[SourceQuality "1"]
[TimeControl "40/5400+30:900+30"]

1. d4 Nf6 2. c4 g6 3. Nc3 d5 4. cxd5 Nxd5 5. e4 Nxc3 6. bxc3 Bg7 7. Be3 c5 8. Rc1 O-O 9. Qd2 cxd4 10. cxd4 b6 11. Bc4 Bb7 12. f3 e5 13. d5 Qd6 14. Ne2 Nd7 15. O-O Rac8 16. Rc2 f5 17. Rfc1 Nf6 18. Bd3 fxe4 19. fxe4 Rxc2 20. Rxc2 Ng4 21. h3 Nxe3 22. Qxe3 Rc8 23. Rxc8+ Bxc8 24. Qc1 Bd7 25. Kf1 Bf8 26. Ng1 Qf6+ 27. Ke2 Bc5 28. Nf3 Kg7 29. Qc3 Bd6 30. Ba6 Qf4 31. Qe3 Qg3 32. Qg5 Qxg5 33. Nxg5 h6 34. Nf3 Kf6 35. Kd3 g5 36. Nd2 h5 37. Nc4 Bc5 38. Nd2 g4 39. hxg4 hxg4 40. Nb3 Bg1 41. Nd2 Bc5 42. Ke2 Kg5 43. g3 Kf6 44. Nc4 b5 45. Na5 Ke7 46. Nc6+ Kd6 47. Bxb5 Bxc6 48. Bxc6 Ke7 49. Bb7 Kd8 50. Ke1 a5 51. Ba6 a4 52. Be2 Kc7 53. Bxg4 Kb6 54. Bd1 a3 55. Ke2 Bb4 56. Kf3 Be1 57. Kg4 Kc7 58. Kh3 Bd2 59. Kg4 Be1 60. Kf3 Kd6 61. Kg2 Ke7 62. Bg4 Kd6 63. Bf5 Kc5 64. g4 Bh4 65. Kf3 Be7 66. Ke3 Bg5+ 67. Kd3 Bf4 68. Kc3 Bg5 69. Kb3 Bc1 70. g5 Bxg5 71. Kxa3 Bd2 72. Kb3 Be1 73. Kc2 Ba5 74. Kd3 Be1 75. Ke3 Ba5 76. Kf3 Bd8 77. a4 Ba5 78. Kg4 Kd6 79. Kg5 Bb6 80. Be6 Ba5 81. Kf5 Bd8 82. Kg4 Ba5 83. Kf5 Bd8 84. Kg4 1/2-1/2

[Event "12th Arad Open 2019"]
[Site "Arad"]
[Date "2019.07.31"]
[Round "9.31"]
[White "Veress, Armand"]
[Black "Mozes, Ervin"]
[Result "1-0"]
[ECO "B03"]
[WhiteElo "1827"]
[BlackElo "2121"]
[Annotator "NA"]
[PlyCount "57"]
[EventDate "2019.07.24"]
[EventType "swiss"]
[EventCountry "ROU"]
[SourceTitle "playchess.com"]
[Source "ChessBase"]
[SourceQuality "1"]
[TimeControl "40/5400+30:900+30"]

1. e4 Nf6 2. e5 Nd5 3. d4 c6 4. Nf3 d6 5. Be2 Nd7 6. c4 Nc7 7. exd6 exd6 8. O-O d5 9. Qb3 Be7 10. Nc3 dxc4 11. Bxc4 O-O 12. Ne5 Nxe5 13. dxe5 b5 14. Be2 Qd4 15. Bf3 b4 16. Ne2 Qb6 17. Be3 Bc5 18. Bxc5 Qxc5 19. Rac1 Qxe5 20. Qxb4 Ba6 21. Rfe1 Rab8 22. Qd4 Qa5 23. Nf4 Qxa2 24. Rxc6 Nb5 25. Qe5 Kh8 26. Bd5 Qa5 27. Nh5 f6 28. Qe7 Rg8 29. Bxg8 1-0

[Event "12th Arad Open 2019"]
[Site "Arad"]
[Date "2019.07.31"]
[Round "9.32"]
[White "Pislariu, Stefanel-Vasilica"]
[Black "Tunaru, Alexandru A."]
[Result "1/2-1/2"]
[ECO "A52"]
[WhiteElo "1934"]
[BlackElo "2111"]
[Annotator "NA"]
[PlyCount "91"]
[EventDate "2019.07.24"]
[EventType "swiss"]
[EventCountry "ROU"]
[SourceTitle "playchess.com"]
[Source "ChessBase"]
[SourceQuality "1"]
[TimeControl "40/5400+30:900+30"]

1. d4 Nf6 2. c4 e5 3. dxe5 Ng4 4. Nf3 Bc5 5. e3 Nc6 6. Be2 O-O 7. Nc3 Ngxe5 8. Nxe5 Nxe5 9. O-O Re8 10. Ne4 Bf8 11. Ng3 Bc5 12. Ne4 Bf8 13. Ng3 a5 14. f4 Ng6 15. e4 Bc5+ 16. Kh1 d6 17. f5 Nf8 18. Bh5 Qf6 19. Qg4 Nd7 20. Bg5 Qxb2 21. Bxf7+ Kxf7 22. Qh5+ Kf8 23. f6 Nxf6 24. Bxf6 gxf6 25. Qh6+ Ke7 26. Nh5 Bd4 27. Rab1 Qe2 28. Nxf6 Bxf6 29. Qxf6+ Kd7 30. Qf5+ Re6 31. Qxh7+ Kc6 32. Rf7 Bd7 33. Rxd7 Rc8 34. Re7 Qxa2 35. Rc1 Rxe7 36. Qxe7 Rg8 37. g3 Qf2 38. Rg1 b6 39. Qe6 Qf3+ 40. Rg2 Qf1+ 41. Rg1 Qf3+ 42. Rg2 Rg5 43. Qh6 Qf1+ 44. Rg1 Qf3+ 45. Rg2 Rc5 46. h4 1/2-1/2

[Event "12th Arad Open 2019"]
[Site "Arad"]
[Date "2019.07.31"]
[Round "9.33"]
[White "Manea, Alexandru"]
[Black "Obada, Ema"]
[Result "1-0"]
[ECO "C00"]
[WhiteElo "2333"]
[BlackElo "1946"]
[Annotator "NA"]
[PlyCount "115"]
[EventDate "2019.07.24"]
[EventType "swiss"]
[EventCountry "ROU"]
[SourceTitle "playchess.com"]
[Source "ChessBase"]
[SourceQuality "1"]
[TimeControl "40/5400+30:900+30"]

1. e4 e6 2. Qe2 c5 3. Nf3 Nc6 4. g3 Be7 5. Bg2 d5 6. e5 Nh6 7. d3 Nf5 8. c3 b5 9. h4 b4 10. h5 h6 11. g4 Nh4 12. Nxh4 Bxh4 13. Nd2 Bg5 14. O-O Qc7 15. f4 Be7 16. Nf3 Bd7 17. Be3 Qa5 18. c4 d4 19. Bf2 Qc7 20. Bg3 O-O-O 21. a3 g6 22. hxg6 fxg6 23. Qe4 b3 24. Nh4 Bxh4 25. Bxh4 Rdg8 26. Bf6 Rh7 27. Kf2 h5 28. Rh1 Be8 29. Bf3 Kb7 30. Rag1 hxg4 31. Bxg4 Rxh1 32. Rxh1 Qd7 33. Rh6 Kb6 34. Qh1 a5 35. Rh7 Bf7 36. Qh3 Re8 37. Rg7 a4 38. Qh7 Rf8 39. Bf3 Qe8 40. Qh1 Rh8 41. Qg2 Ne7 42. Rxf7 Qxf7 43. Bxh8 Qxf4 44. Bf6 Nf5 45. Bd8+ Ka7 46. Bg5 Qxe5 47. Qh3 Ng7 48. Qg3 Qxg3+ 49. Kxg3 Nf5+ 50. Kf4 Ne3 51. Ke4 Nc2 52. Bd1 Ne1 53. Bd2 Ng2 54. Ke5 Kb6 55. Kxe6 Kc7 56. Kd5 Kb6 57. Bf3 Nh4 58. Be4 1-0